 Dungeon Crawl Stone Soup version 0.29.1-2-gbd0b4ee654 (webtiles) character file.

Game seed: 3776580806768939806

53 Norrock the Slasher (level 3, -2/31 HPs)
             Began as a Demonspawn Berserker on Oct 29, 2022.
             Was a Believer of Trog.
             Slain by a gnoll
             ... wielding a +0 halberd
              (10 damage)
             ... on level 2 of the Dungeon.
             The game lasted 00:11:44 (1695 turns).

Norrock the Slasher (Demonspawn Berserker)          Turns: 1695, Time: 00:11:45

Health: -2/31      AC:  7    Str: 17    XL:     3   Next: 64%
Magic:  3/3        EV: 12    Int:  8    God:    Trog [**....]
Gold:   169        SH:  0    Dex: 12    Spells: 2/2 levels left

rFire   . . .      SeeInvis .   a - +0 falchion
rCold   . . .      Faith    .   (no shield)
rNeg    . . .      Spirit   .   b - +0 animal skin
rPois   .          Reflect  .   (no helmet)
rElec   .          Harm     .   g - +0 cloak
rCorr   .          Rampage  .   (no gloves)
Will    .....      Clarity  +   (no boots)
Stlth   +.........              (no amulet)
HPRegen 0.10/turn               e - +4 ring of protection
MPRegen 0.08/turn               (no ring)

@: no status effects
A: demonic magic 1, weakness stinger 1, clarity, robust 1, weak 1
a: Renounce Religion, Berserk, Trog's Hand


You were on level 2 of the Dungeon.
You worshipped Trog.
Trog was pleased with you.
You visited 1 branch of the dungeon, and saw 2 of its levels.

You collected 169 gold pieces.

Inventory:

Hand Weapons
 a - a +0 falchion (weapon)
Missiles
 h - 2 poisoned darts (quivered)
Armour
 b - a +0 animal skin (worn)
 g - a +0 cloak (worn)
Jewellery
 d - a ring of fire
 e - a +4 ring of protection (left hand)
Scrolls
 f - a scroll of teleportation
Potions
 c - a potion of ambrosia
 i - a potion of flight {unknown}
 j - a potion of mutation


   Skills:
 + Level 3.6 Fighting
 * Level 3.8 Long Blades
 - Level 1.7 Armour
 - Level 1.7 Dodging


You had 2 spell levels left.
You didn't know any spells.
Your spell library was empty.

Dungeon Overview and Level Annotations

Branches:
Dungeon (2/15)

Altars:


Innate Abilities, Weirdness & Mutations

Spells you cast may paralyse adjacent enemies.
You have a small tail.
You possess an exceptional clarity of mind.
You are robust. (+10% HP)
You are weak. (Str -2)


Message History

Aim: a gnoll, wielding a +0 halberd (almost dead, 61% to hit)
You throw a poisoned dart. The poisoned dart hits the gnoll.
The gnoll is almost dead.
The gnoll hits you from afar with a +0 halberd.
Throw: dart (poison)
Press: ? - help, Q - select action, (/) - cycle Shift-Dir - straight line, f/p - gnoll
Aim: a gnoll, wielding a +0 halberd (almost dead, 61% to hit)
You throw a poisoned dart. The poisoned dart hits the gnoll.
The gnoll is poisoned.
The gnoll is almost dead.
The gnoll hits you from afar with a +0 halberd.
You kill the gnoll!
Trog accepts your kill.
The gnoll throws a throwing net.
The throwing net hits you.
You become entangled in the net!
Things that are here:
a throwing net; 6 stones You tear a large gash into the net.
You struggle against the net.
You rip the net and break free!
A gnoll comes into view. It is wielding a +0 club.
Found 6 stones.
You see here 2 poisoned darts.
h - 2 poisoned darts The gnoll hits you but does no damage.
You see here 6 stones.
You see here a +0 halberd.
You see here a +0 halberd.
You start resting.
A gnoll is nearby!
You see here a +0 halberd.
You closely miss the gnoll.
Your tail-slap misses the gnoll.
The gnoll hits you with a +0 halberd! The gnoll closely misses you.
The gnoll barely misses you.
You hit the gnoll but do no damage. The gnoll completely misses you.
The gnoll hits you with a +0 club!
The gnoll hits you from afar with a +0 halberd.
* * * LOW HITPOINT WARNING * * *
The gnoll hits you from afar with a +0 halberd!
You die...

#....# #.....#......).....#
#..<.# #....#.............#
#....# ##.#.......÷........#
#....####..#..........#######
#......##.#.........#..#
#....#...........<..##.#
#....##...÷..............
#....##.....(........>...#
######...g##..@.....######
###....##...)g......##
#.#...g######g.......##
.#......gg.##.g........#
............#..........#
.#.##.#.##..g..........# ....
#...###............# .
##.####..#####...........#
##.
........####...#........##
#...


You could see 3 gnolls.

Vanquished Creatures
  An adder (D:2)
  A gnoll (D:2)
  4 ball pythons
  6 bats
  3 endoplasms
  3 giant cockroaches (D:1)
  A goblin (D:1)
  A hobgoblin (D:2)
  4 jackals
  2 quokkas (D:1)
  A frilled lizard (D:1)
  3 kobolds
  2 rats
32 creatures vanquished.

Notes
Turn   | Place    | Note
-------+----------+-------------------------------------------
     0 | D:1      | Norrock the Demonspawn Berserker began the quest for the
                  | Orb.
     0 | D:1      | Reached XP level 1. HP: 18/18 MP: 1/1
   222 | D:1      | Found a faded altar of an unknown god.
   393 | D:1      | Gained mutation: You have a small tail. [demonic ancestry]
   393 | D:1      | Reached XP level 2. HP: 23/24 MP: 2/2
  1435 | D:2      | Gained mutation: Spells you cast may paralyse adjacent
                  | enemies. [demonic ancestry]
  1435 | D:2      | Reached XP level 3. HP: 22/29 MP: 3/3
  1545 | D:2      | Gained mutation: You are robust. (+10% HP) [potion of
                  | mutation]
  1545 | D:2      | Gained mutation: You are weak. (Str -2) [potion of
                  | mutation]
  1545 | D:2      | Gained mutation: You possess an exceptional clarity of
                  | mind. [potion of mutation]
  1565 | D:2      | Reached ** piety under Trog
  1695 | D:2      | Slain by a gnoll

Illustrated notes

Levels and vault maps discovered:
D:1:      shiori_arrival_elements, layout_basic,
          hellmonk_ecumenical_altar_zigzags, roderic_cross_of_infinity
D:2:      layout_rooms, kennysheep_donut, uniq_robin

Skill      XL: |  1 |
---------------+----+-----
Long Blades    | 3 |  3.8
Fighting       | |  3.6
Armour         | |  1.7
Dodging        | |  1.7

Action                   || total
-------------------------++-------
Melee: Falchion          ||    91
       Tailslap          ||     8
       Punch             ||     1
Throw: Dart              ||     9
  Use: Potion            ||     4
       Scroll            ||     2
 Stab: Sleeping          ||     4
Armor: Animal skin       ||    24
Dodge: Dodged            ||    59
